 Dungeon Crawl Stone Soup version 0.14-a0-2592-g262d02f (webtiles) character file.

123 4tharraofdagon the Skirmisher (level 4, 0/39 HPs)
             Began as a Minotaur Artificer on Feb 12, 2014.
             Succumbed to a kobold's poison
             ... on Level 4 of the Dungeon.
             The game lasted 00:03:30 (607 turns).

4tharraofdagon the Skirmisher (Minotaur Artificer)   Turns: 607, Time: 00:03:30

HP   0/39        AC 10     Str 17      XL: 4   Next:  0%
MP   3/3         EV  6     Int  9      God:
Gold 56          SH  0     Dex 10      Spells:  0 memorised,  3 levels left

rFire  . . .     SeeInvis .     a - +0 short sword
rCold  . . .     Clarity  .     k - +1 dwarf chain mail
rNeg   . . .     Conserve .     (no shield)
rPois  .         rCorr    .     (helmet restricted)
rElec  .         rRot     .     (no cloak)
SustAb . .       Spirit   .     (no gloves)
rMut   .         Warding  .     (no boots)
Saprov . . .     Stasis   .     (no amulet)
MR     .....                    (no ring)
                                (no ring)

@: extremely poisoned, not resistant to hostile enchantments, extremely
unstealthy
A: retaliatory headbutt, horns 2
a: no special abilities


You were on level 4 of the Dungeon.
You were not hungry.

You visited 1 branch of the dungeon, and saw 4 of its levels.

You collected 56 gold pieces.

Inventory:

Hand weapons
 a - a +0,+0 short sword (weapon)
 s - a +0 blowgun
Missiles
 h - 21 darts (quivered)
 t - 11 poisoned needles
Armour
 e - a +0 leather armour
 g - a +0 ring mail
 k - a +1 dwarven chain mail (worn)
Magical devices
 b - a wand of flame (14)
 c - a wand of enslavement (15)
 d - a wand of random effects (15)
 o - a wand of draining (0)
Comestibles
 f - 2 bread rations
 n - a lemon
 p - an apricot
Scrolls
 i - 3 scrolls of teleportation {unknown}
 j - a scroll of enchant armour {unknown}
 l - a scroll of remove curse {unknown}
 q - 2 scrolls of identify {unknown}
 r - 2 scrolls of fear {unknown}
 u - a scroll of amnesia {unknown}
Potions
 m - a potion of curing


   Skills:
 * Level 3.6 Fighting
 - Level 1.1 Short Blades
 + Level 2.6 Armour
 - Level 2.1 Dodging
 - Level 0.7 Stealth
 - Level 2.6 Evocations


You had 3 spell levels left.
You didn't know any spells.

Dungeon Overview and Level Annotations

Branches:
Dungeon (4/16)
 Temple: D:4-7

Altars:

Annotations:
D:3 Terence


Innate Abilities, Weirdness & Mutations

You reflexively headbutt those who attack you in melee.
You have a pair of horns on your head.


Message History

Unknown command.
* * * LOW HITPOINT WARNING * * *
You feel extremely sick.
Unknown command.
Unknown command.
Drink which item? (? for menu, Esc to quit)
You feel much better.
You feel very sick. The hound bites you but does no damage.
The hound bites you.
Unknown command.
You feel very sick.
Unknown command.
* * * LOW HITPOINT WARNING * * *
You feel extremely sick. The hound bites you.
* * * LOW HITPOINT WARNING * * *
You see here a potion of curing.
Unknown command.
m - a potion of curing You die...

###.#..#. .........
##....<..###
.............
#######....).......
#####...................
..............(.........
.......$..%.>.(..........
##...@hKK....(........
#....r.......(.?.....
#$...........(...>...
####.###......<...... #..
#$............
.....#.###........
.##.#.#.# #........ #
.#.#.# #........ .
#....$...


You could see a hound, a quokka and 2 kobolds.

Vanquished Creatures
  Natasha (D:3)
  3 adders
  An ooze (D:1)
  5 orcs (D:3)
  A ball python (D:3)
  A bat (D:1)
  3 hobgoblins
  4 kobolds
  A quokka (D:3)
  2 giant cockroaches
  A giant newt (D:1)
  A goblin (D:3)
  3 rats
27 creatures vanquished.

Notes
Turn   | Place    | Note
--------------------------------------------------------------
     0 | D:1      | 4tharraofdagon, the Minotaur Artificer, began the quest for the Orb.
     0 | D:1      | Reached XP level 1. HP: 16/16 MP: 1/1
   202 | D:1      | Reached skill level 1 in Armour
   221 | D:2      | Reached XP level 2. HP: 16/24 MP: 1/1
   322 | D:3      | Reached XP level 3. HP: 20/30 MP: 3/3
   343 | D:3      | Noticed Natasha
   345 | D:3      | Killed Natasha
   345 | D:3      | Reached skill level 3 in Fighting
   533 | D:3      | Noticed Terence
   597 | D:4      | Reached XP level 4. HP: 36/39 MP: 3/3
   603 | D:4      | HP: 1/39 [poisoned by a kobold]
   607 | D:4      | Succumbed to a kobold's poison

Action                   |  1- 3 |  4- 6 || total
-------------------------+-------+-------++-------
Melee: Short sword       |    76 |       ||    76
Throw: Dart              |     3 |       ||     3
Evoke: Wand              |     4 |     1 ||     5
  Use: Potion            |     3 |     1 ||     4
